 Dungeon Crawl Stone Soup version 0.21-a0-404-g291f19a (webtiles) character file.

12805 grizmgrazm2 the Summoner (level 11, -11/66 HPs)
             Began as a Gnoll Summoner on Oct 27, 2017.
             Was an Elder of Ashenzari.
             Killed from afar by a wretched star (17 damage)
             ... with an orb of energy
             ... on level 2 of the Abyss.
             The game lasted 00:56:23 (14180 turns).

grizmgrazm2 the Summoner (Gnoll Summoner)          Turns: 14180, Time: 00:56:23

Health: -11/66     AC:  9    Str: 11    XL:     11   Next: 99%
Magic:  33/33      EV: 19    Int: 29    God:    Ashenzari [****..]
Gold:   655        SH:  0    Dex: 15    Spells: 3/26 levels left

rFire    . . .     SeeInvis +   K - +2 war axe of Hacking and Slashing {chop, rElec Int+7 Stlth+} (curse)
rCold    . . .     Gourm    +   (no shield)
rNeg     . . .     Faith    .   y - +1 robe (curse)
rPois    .         Spirit   .   h - +3 hat of Pondering {ponderous, MR+ MP+10 Int+5} (curse)
rElec    +         Reflect  .   x - +0 cloak (curse)
rCorr    .         Harm     .   L - +0 pair of gloves (curse)
MR       +....     Clarity  +   (no boots)
Stlth    ++++++....             M - amulet of the gourmand (curse)
HPRegen  0.21/turn              B - ring of see invisible (curse)
MPRegen  0.23/turn              D - ring of stealth (curse)

@: slow
A: distributed training, fangs 1, [dopey 2], [frail 2], [no potion heal 2],
strong nose
a: Curse Item, Scrying, Renounce Religion


You were on level 2 of the Abyss.
You worshipped Ashenzari.
Ashenzari was greatly pleased with you.
You were not hungry.

You visited 3 branches of the dungeon, and saw 13 of its levels.
You visited the Abyss 1 time.

You collected 721 gold pieces.
You spent 66 gold pieces at shops.

Inventory:

Hand Weapons
 e - a +4 dagger of venom
 F - a +5 dagger of draining
 K - the cursed +2 war axe of Hacking and Slashing (weapon) {chop, rElec Int+7 Stlth+}
   (You found it on level 3 of the Lair of Beasts)

   It inflicts extra damage upon your enemies.
   It affects your intelligence (+7).
   It insulates you from electricity.
   It makes you more stealthy.
   It has a curse placed upon it.
Armour
 h - the cursed +3 hat of Pondering (worn) {ponderous, MR+ MP+10 Int+5}
   (You took it off Gastronok on level 1 of the Lair of Beasts)

   It affects your intelligence (+5).
   It affects your resistance to hostile enchantments.
   It affects your magic capacity (+10).
   It has a curse placed upon it.
 x - a cursed +0 cloak (worn)
 y - a cursed +1 robe (worn)
 L - a cursed +0 pair of gloves (worn)
Magical Staves
 N - an uncursed staff of wizardry
Jewellery
 p - an uncursed ring of fire
 q - an uncursed ring of flight
 u - an uncursed amulet of harm
 B - a cursed ring of see invisible (left hand)
 D - a cursed ring of stealth (right hand)
 M - a cursed amulet of the gourmand (around neck)
 R - an uncursed amulet of guardian spirit
Wands
 n - a wand of polymorph (11/24)
 t - a wand of random effects (48/48)
 w - a wand of flame (31/48)
 H - a wand of random effects (8/48)
 Q - a wand of iceblast (7/15)
Scrolls
 k - 5 scrolls of remove curse
 s - 2 scrolls of fog
 v - 3 scrolls of recharging
 C - 3 scrolls of identify
 E - 2 scrolls of holy word
 O - a scroll of amnesia
 S - a scroll of enchant weapon
Potions
 d - 6 potions of might
 f - 4 potions of cancellation
 l - a potion of flight
 o - a potion of magic
 r - 3 potions of brilliance
 z - 3 potions of ambrosia
Books
 a - a book of Battle

   Spells                             Type                      Level
   a - Infusion                       Charms                       1
   b - Shroud of Golubria             Charms/Translocation         2
   c - Song of Slaying                Charms                       2
   d - Spectral Weapon                Hexes/Charms                 3
   e - Regeneration                   Charms/Necromancy            3
 b - a book of Callings

   Spells                             Type                      Level
   a - Summon Small Mammal            Summoning                    1
   b - Call Imp                       Summoning                    2
   c - Call Canine Familiar           Summoning                    3
   d - Summon Guardian Golem          Hexes/Summoning              3
   e - Summon Lightning Spire         Summoning/Air                4
   f - Summon Ice Beast               Ice/Summoning                4
 G - a book of Necromancy

   Spells                             Type                      Level
   a - Pain                           Necromancy                   1
   b - Animate Skeleton               Necromancy                   1
   c - Vampiric Draining              Necromancy                   3
   d - Regeneration                   Charms/Necromancy            3
   e - Animate Dead                   Necromancy                   4
   f - Control Undead                 Necromancy                   4
 J - a Grand Grimoire

   Spells                             Type                      Level
   a - Monstrous Menagerie            Summoning                    7
   b - Summon Greater Demon           Summoning                    7
   c - Malign Gateway                 Summoning/Translocation      7
   d - Summon Horrible Things         Summoning                    8
Comestibles
 c - 8 bread rations
 i - 9 fruits
 j - 6 royal jellies
 m - 9 meat rations


   Skills:
 + Level 6.7 Fighting
 + Level 6.7 Short Blades
 + Level 6.7 Long Blades
 + Level 6.7(10.2) Axes
 + Level 6.7 Maces & Flails
 + Level 6.7 Polearms
 + Level 6.7 Staves
 + Level 6.7 Slings
 + Level 6.7 Bows
 + Level 6.7 Crossbows
 + Level 6.7 Throwing
 + Level 6.7 Armour
 + Level 8.2(10.5) Dodging
 + Level 8.0(10.3) Stealth
 + Level 6.7 Shields
 + Level 6.7 Unarmed Combat
 + Level 8.4 Spellcasting
 + Level 5.5(9.0) Conjurations
 + Level 5.5(9.0) Hexes
 + Level 5.5(9.0) Charms
 + Level 9.1(12.4) Summonings
 + Level 5.5(9.0) Necromancy
 + Level 5.5(9.0) Translocations
 + Level 5.5(9.0) Transmutations
 + Level 5.5(9.0) Fire Magic
 + Level 5.5(9.0) Ice Magic
 + Level 5.5(9.0) Air Magic
 + Level 5.5(9.0) Earth Magic
 + Level 5.5(9.0) Poison Magic
 + Level 7.3 Invocations
 + Level 6.7(10.2) Evocations


You had 3 spell levels left.
You knew the following spells:

 Your Spells              Type           Power        Failure   Level  Hunger
a - Summon Small Mammal   Summ           ####         1%          1    None
b - Call Canine Familiar  Summ           ######..     1%          3    None
c - Summon Lightning Spi  Summ/Air       ######..     1%          4    #......
d - Summon Ice Beast      Ice/Summ       ######..     1%          4    #......
e - Animate Dead          Necr           N/A          1%          4    #......
f - Monstrous Menagerie   Summ           ######....   22%         7    #######


Dungeon Overview and Level Annotations

Branches:
Dungeon (8/15)             Temple (1/1) D:6            Lair (4/6) D:8
  Swamp (0/4) Lair:4       Spider (0/4) Lair:2

Altars:
Ashenzari
Dithmenos
Elyvilon
Gozag
Hepliaklqana
Kikubaaqudgha
Makhleb
Nemelex Xobeh
Qazlal
Ru
Sif Muna
Trog
Uskayaw
Yredelemnul
The Shining One

Shops:
D:4 *[=?[

Annotations:
Lair:1 Fannar; Sonja; jhonbiscuit's ghost, novice GrEE


Innate Abilities, Weirdness & Mutations

Your experience applies equally to all skills.
You have very sharp teeth.
Your uncanny sense of smell can sniff out nearby items.
[You are very dopey. (Int -4)]
[You are very frail. (-20% HP)]
[Potions are poor at restoring your health.]


Message History

A hell hound comes into view.
The hell hound moves out of view.
The wretched star glows turbulently.
The orb of energy hits you!
* * * LOW HITPOINT WARNING * * *
The eidolon gestures.
The eidolon radiates an aura of fear!
You are unaffected. 2 hell hounds come into view.
The wretched star glows turbulently.
The orb of energy misses you.
The orb of energy explodes!
The hell hound barks!
You hear a bark!
A hell hound comes into view.
The eidolon gestures.
The eidolon radiates an aura of fear!
You are unaffected.
The glowing orange brain pulsates.
The glowing orange brain radiates an aura of fear!
You are unaffected.
The wretched star glows turbulently.
The orb of energy hits you!
You die...

** ...#* ,,...***,
,, , , ,#...###...#
, **,**,, ,
.G.##.##..#,,### **,
* *
##G.....§§##...#, ,
,* , ,
#.§W.#.#§.§§...* ,
** *
..##...##..#.#,, *,*
.####.###..##* ,* **
.*#...*.....#,
,,,,,, ** *
,##.#..##h.@.# * **
* ,, #.*#.#.....##
*,***,, * ,
#,*##h.##..# **,,**
* , ≈≈≈≈..≈≈≈≈♣ * *
,* , ≈≈≈≈.≈≈≈≈≈≈≈*≈
* * *
≈≈h{≈≈≈≈≈≈≈≈≈≈≈ , *
≈≈≈≈≈≈≈≈≈♣≈≈≈≈≈≈,*,*
, ,*≈
≈h≈≈≈≈≈≈≈≈≈≈≈≈≈≈*, *
** ≈≈
≈≈≈♣≈≈≈≈≈≈≈≈≈≈≈ , *


You could see a wretched star and 2 hell hounds.

Vanquished Creatures
  The ghost of IKeelU2 the Martial Artist, a novice GnTm of Okawaru (D:7)
  Nergalle (Lair:2)
  A black mamba (Lair:3)
  Grinder (D:3)
  2 dream sheep (Lair:4)
  A blink frog (Lair:1)
  4 hippogriffs
  A yak (Lair:1)
  A basilisk (Lair:3)
  A steam dragon (D:8)
  A water moccasin (D:8)
  Duvessa (D:7)
  3 ice beasts (D:8)
  A porcupine (Lair:1)
  A phantom (D:4)
  2 sky beasts
  3 ogres
  2 centaurs
  A big kobold (D:7)
  2 crocodiles
  2 bullfrogs
  Dowan (D:7)
  A scorpion (D:6)
  A howler monkey (D:4)
  2 crimson imps
  A quasit (Abyss:2)
  2 hounds (D:4)
  2 orc priests
  3 jellies (D:8)
  An orc wizard (D:5)
  A centaur skeleton (D:7)
  Jessica (D:3)
  An iguana (D:8)
  Terence (D:3)
  4 worker ants
  A worker ant zombie (D:6)
  2 gnolls
  7 adders
  A shadow imp (D:5)
  A white imp (Abyss:2)
  3 oozes
  An adder zombie (D:4)
  3 leopard geckos
  8 orcs
  7 giant cockroaches
  6 goblins
  8 hobgoblins
  3 quokkas
  7 bats
  10 kobolds
  A quokka skeleton (D:6)
  A quokka zombie (D:5)
  5 rats
  A spectral orc (D:3)
131 creatures vanquished.

Vanquished Creatures (collateral kills)
  Gastronok (Lair:1)
  A hydra (Lair:1)
  5 lindwurms (Lair:3)
  Pikel (D:7)
  The ghost of Xiguana the Charmwright, a novice GnSk of Vehumet (D:6)
  A spiny frog (Lair:1)
  2 komodo dragons
  A rime drake (Lair:3)
  4 blink frogs (Lair:1)
  2 hippogriffs
  5 dream sheep (Lair:4)
  8 yaks
  2 basilisks (Lair:4)
  3 wyverns
  A hungry ghost (D:7)
  A steam dragon (Lair:4)
  6 vampire mosquitoes (Lair:4)
  8 water moccasins
  2 acid dragons (Lair:4)
  4 porcupines
  A swamp drake (Lair:4)
  2 small abominations (Abyss:2)
  3 ice beasts
  4 ogres
  6 wolves
  2 crocodiles
  A big kobold (D:8)
  2 centaurs
  3 bullfrogs
  2 scorpions
  The ghost of Xiguana the Charmwright, a weakling GnSk (D:3)
  4 howler monkeys
  3 jellies
  A crimson imp (D:5)
  A quasit (Abyss:2)
  A hound (D:5)
  2 orc priests
  A bullfrog skeleton (D:7)
  A worker ant (D:4)
  A worker ant zombie (D:5)
  6 gnolls
  5 adders
  An ufetubus (Abyss:2)
  3 worms
  A dart slug (D:1)
  A leopard gecko (D:2)
  3 orcs
  3 goblins
  2 hobgoblins (D:1)
  3 quokkas
  5 bats
  2 frilled lizards
  11 kobolds
  3 leopard gecko skeletons
  A rat (D:3)
  A butterfly (D:6)
  A fungus (Lair:2)
153 creatures vanquished.

Vanquished Creatures (others)
  7 fungi (Lair:1)
  4 plants (Lair:1)
11 creatures vanquished.

Grand Total: 295 creatures vanquished

Notes
Turn   | Place    | Note
-------+----------+-------------------------------------------
     0 | D:1      | grizmgrazm2 the Gnoll Summoner began the quest for the Orb.
     0 | D:1      | Reached XP level 1. HP: 13/13 MP: 6/6
   319 | D:1      | Reached XP level 2. HP: 19/19 MP: 5/7
  1042 | D:2      | Reached XP level 3. HP: 25/25 MP: 5/9
  1048 | D:2      | Reached skill level 5 in Spellcasting
  1182 | D:2      | Reached skill level 1 in Invocations
  1350 | D:2      | Found an ancient bone altar of Kikubaaqudgha.
  1367 | D:2      | Reached skill level 1 in Fighting
  1367 | D:2      | Reached skill level 1 in Short Blades
  1367 | D:2      | Reached skill level 1 in Long Blades
  1367 | D:2      | Reached skill level 1 in Axes
  1367 | D:2      | Reached skill level 1 in Maces & Flails
  1367 | D:2      | Reached skill level 1 in Polearms
  1367 | D:2      | Reached skill level 1 in Staves
  1367 | D:2      | Reached skill level 1 in Slings
  1367 | D:2      | Reached skill level 1 in Bows
  1367 | D:2      | Reached skill level 1 in Crossbows
  1367 | D:2      | Reached skill level 1 in Throwing
  1367 | D:2      | Reached skill level 1 in Armour
  1367 | D:2      | Reached skill level 1 in Shields
  1367 | D:2      | Reached skill level 1 in Unarmed Combat
  1367 | D:2      | Reached skill level 1 in Evocations
  1584 | D:2      | Found a bloodstained altar of Trog.
  1616 | D:2      | Found a stormy altar of Qazlal.
  1643 | D:2      | Reached XP level 4. HP: 32/32 MP: 8/11
  1648 | D:2      | Learned a level 3 spell: Call Canine Familiar
  1653 | D:2      | Learned a level 4 spell: Summon Ice Beast
  1702 | D:2      | Found an opulent altar of Gozag.
  2119 | D:3      | Noticed Grinder
  2123 | D:3      | Reached skill level 1 in Conjurations
  2123 | D:3      | Reached skill level 1 in Hexes
  2123 | D:3      | Reached skill level 1 in Charms
  2123 | D:3      | Reached skill level 1 in Necromancy
  2123 | D:3      | Reached skill level 1 in Translocations
  2123 | D:3      | Reached skill level 1 in Transmutations
  2123 | D:3      | Reached skill level 1 in Fire Magic
  2123 | D:3      | Reached skill level 1 in Ice Magic
  2123 | D:3      | Reached skill level 1 in Air Magic
  2123 | D:3      | Reached skill level 1 in Earth Magic
  2123 | D:3      | Reached skill level 1 in Poison Magic
  2155 | D:3      | Paralysed by Grinder for 6 turns
  2172 | D:3      | Killed Grinder
  2172 | D:3      | Reached XP level 5. HP: 19/38 MP: 3/12
  2172 | D:3      | Reached XP level 6. HP: 22/44 MP: 3/13
  2340 | D:3      | Noticed Xiguana's ghost (weakling GnSk)
  2381 | D:3      | Killed Xiguana's ghost
  2527 | D:3      | Noticed Jessica
  2530 | D:3      | Killed Jessica
  2530 | D:3      | Reached skill level 5 in Dodging
  2623 | D:3      | Found a basalt altar of Yredelemnul.
  2978 | D:3      | Noticed Terence
  2982 | D:3      | Killed Terence
  2982 | D:3      | Reached XP level 7. HP: 50/50 MP: 15/15
  3261 | D:3      | Found a faded altar of an unknown god.
  3402 | D:4      | Found Pessiriw's Armour Shoppe.
  3403 | D:4      | Found Jiuchao's Jewellery Emporium.
  3475 | D:4      | Found Bapnock's Assorted Antiques.
  3488 | D:4      | Found Weriem's Antique Armour Emporium.
  3552 | D:4      | Found Juos's Magic Scroll Shoppe.
  3557 | D:4      | Bought a scroll of remove curse for 33 gold pieces
  3557 | D:4      | Bought a scroll of remove curse for 33 gold pieces
  3780 | D:5      | Entered Level 5 of the Dungeon
  3914 | D:5      | Reached skill level 5 in Stealth
  4188 | D:5      | Reached XP level 8. HP: 15/57 MP: 8/16
  4718 | D:5      | Found a shadowy altar of Dithmenos.
  4877 | D:6      | Noticed Xiguana's ghost (novice GnSk)
  5176 | D:6      | Killed Xiguana's ghost
  5227 | D:6      | Found a staircase to the Ecumenical Temple.
  5251 | Temple   | Entered the Ecumenical Temple
  5261 | Temple   | Became a worshipper of Ashenzari the Shackled
  5640 | D:6      | Found a hide-covered altar of Uskayaw.
  5640 | D:6      | Found a sacrificial altar of Ru.
  5956 | D:7      | Reached XP level 9. HP: 65/65 MP: 16/18
  6043 | D:7      | Noticed Duvessa
  6043 | D:7      | Noticed Dowan
  6045 | D:7      | Killed Duvessa
  6112 | D:7      | Killed Dowan
  6515 | D:7      | Noticed IKeelU2's ghost (novice GnTm)
  6546 | D:7      | Killed IKeelU2's ghost
  6546 | D:7      | Reached skill level 8 in Summonings
  6810 | D:7      | Noticed Pikel
  6824 | D:7      | Killed Pikel
  7058 | D:7      | Reached skill level 5 in Invocations
  7124 | D:8      | Learned a level 4 spell: Summon Lightning Spire
  7374 | D:8      | Reached XP level 10. HP: 73/73 MP: 20/20
  7644 | D:8      | Reached * piety under Ashenzari
  7790 | D:8      | Reached skill level 5 in Fighting
  7790 | D:8      | Reached skill level 5 in Short Blades
  7790 | D:8      | Reached skill level 5 in Long Blades
  7790 | D:8      | Reached skill level 5 in Axes
  7790 | D:8      | Reached skill level 5 in Maces & Flails
  7790 | D:8      | Reached skill level 5 in Polearms
  7790 | D:8      | Reached skill level 5 in Staves
  7790 | D:8      | Reached skill level 5 in Slings
  7790 | D:8      | Reached skill level 5 in Bows
  7790 | D:8      | Reached skill level 5 in Crossbows
  7790 | D:8      | Reached skill level 5 in Throwing
  7790 | D:8      | Reached skill level 5 in Armour
  7790 | D:8      | Reached skill level 5 in Shields
  7790 | D:8      | Reached skill level 5 in Unarmed Combat
  7790 | D:8      | Reached skill level 5 in Evocations
  7881 | D:8      | Found a glowing golden altar of the Shining One.
  8336 | D:8      | Found a staircase to the Lair.
  8739 | Lair:1   | Entered Level 1 of the Lair of Beasts
  8767 | Lair:1   | Learned a level 4 spell: Animate Dead
  9073 | Lair:1   | Noticed jhonbiscuit's ghost (novice GrEE)
  9077 | Lair:1   | Noticed a four-headed hydra
  9215 | Lair:1   | Noticed Gastronok
  9258 | Lair:1   | Killed Gastronok
  9368 | Lair:1   | Noticed a spiny frog
  9384 | Lair:1   | Killed a spiny frog
  9594 | Lair:1   | Noticed an eight-headed hydra
  9604 | Lair:1   | Noticed Fannar
  9604 | Lair:1   | Noticed a four-headed hydra
  9608 | Lair:1   | Noticed Sonja
  9759 | Lair:1   | Reached XP level 11. HP: 41/81 MP: 22/22
 10006 | Lair:2   | Found a hole to the Spider Nest.
 10222 | Lair:2   | Reached ** piety under Ashenzari
 10288 | Lair:2   | Noticed Nergalle
 10304 | Lair:2   | Killed Nergalle
 10850 | Lair:3   | Noticed a lindwurm
 10865 | Lair:3   | Killed a lindwurm
 10911 | Lair:3   | Reached skill level 5 in Conjurations
 10911 | Lair:3   | Reached skill level 5 in Hexes
 10911 | Lair:3   | Reached skill level 5 in Charms
 10911 | Lair:3   | Reached skill level 5 in Necromancy
 10911 | Lair:3   | Reached skill level 5 in Translocations
 10911 | Lair:3   | Reached skill level 5 in Transmutations
 10911 | Lair:3   | Reached skill level 5 in Fire Magic
 10911 | Lair:3   | Reached skill level 5 in Ice Magic
 10911 | Lair:3   | Reached skill level 5 in Air Magic
 10911 | Lair:3   | Reached skill level 5 in Earth Magic
 10911 | Lair:3   | Reached skill level 5 in Poison Magic
 11238 | Lair:3   | Noticed a lindwurm
 11768 | Lair:3   | Noticed a lindwurm
 11814 | Lair:3   | Noticed a lindwurm
 11817 | Lair:3   | Identified the +2 war axe of Hacking and Slashing {chop, rElec Int+7 Stlth+}
 11817 | Lair:3   | Noticed a lindwurm
 12174 | Lair:3   | Killed a lindwurm
 12194 | Lair:3   | Killed a lindwurm
 12208 | Lair:3   | Killed a lindwurm
 12220 | Lair:3   | Killed a lindwurm
 12364 | Lair:4   | Found a staircase to the Swamp.
 12389 | Lair:4   | Reached *** piety under Ashenzari
 12559 | Lair:4   | Reached skill level 9 in Summonings
 12661 | Lair:4   | Learned a level 7 spell: Monstrous Menagerie
 13566 | Lair:1   | Killed an eight-headed hydra
 13724 | Lair:1   | Found a burning altar of Makhleb.
 13772 | Lair:1   | Cast into level 1 of the Abyss (Sonja)
 13810 | Abyss:2  | Reached **** piety under Ashenzari
 13880 | Abyss:2  | Noticed a wretched star
 13886 | Abyss:2  | Noticed a wretched star
 13963 | Abyss:2  | Noticed a worldbinder
 14073 | Abyss:2  | Noticed a death drake
 14087 | Abyss:2  | Noticed a thrashing horror
 14142 | Abyss:2  | Noticed a glowing orange brain
 14146 | Abyss:2  | Noticed a spatial maelstrom
 14150 | Abyss:2  | Noticed a wretched star
 14160 | Abyss:2  | Noticed an eidolon
 14180 | Abyss:2  | Killed from afar by a wretched star

Vault maps used:
D:1:      minmay_arrival_four_loops, minmay_hexomino_p4
D:2:      nicolae_overflow_hidden_temple, nicolae_overflow_crystal_walls,
          first_bread, kennysheep_flooded_box, bloody_trog
D:3:      yredelemnul_forgotten_temple_becter, chequers_ecumenical_altar_grove,
          st_stairs_1, uniq_jessica, uniq_terence, uniq_grinder
D:4:      cheibrodos_helix_gallery, serial_shops, nicolae_shop_statue_plus,
          kennysheep_little_box, shop, shop, shop_fountains
D:5:      kennysheep_spiral_hall, marbit_many_paths, gup_sewer_entry_bowl
D:6:      gammafunk_temple_overflow_wave, minmay_temple_entry_butterflies,
          hangedman_decor_clover_reticule, st_stairs_9, corexii_leaking_fountain
D:7:      enter_ossuary_1, grunt_ogre_cave, uniq_duvessa, uniq_prince_ribbit1,
          uniq_pikel
D:8:      lemuel_round_altar, erik_lair_dragon
Temple:   nicolae_temple_great_sept
Lair:1:   basic_altar, infiniplex_staircase_pool, uniq_fannar, uniq_gastronok,
          uniq_sonja
Lair:2:   dummy_spider_entry, uniq_nergalle
Lair:3:   minmay_lindwurm_lava, lemuel_fruit_tree
Lair:4:   minmay_swamp_entry_swarm, guppyfry_lair_drakes

Skill      XL: |  1  2  3  4  5  6  7  8  9 10 11 |
---------------+----------------------------------+-----
Spellcasting   | 5 6 7 8 |  8.4
Invocations    | 1 2 3 4 5 6 7 |  7.3
Fighting       | 1 2 3 4 5 6 |  6.7
Short Blades   | 1 2 3 4 5 6 |  6.7
Long Blades    | 1 2 3 4 5 6 |  6.7
Axes           | 1 2 3 4 5 6 |  6.7
Maces & Flails | 1 2 3 4 5 6 |  6.7
Polearms       | 1 2 3 4 5 6 |  6.7
Staves         | 1 2 3 4 5 6 |  6.7
Slings         | 1 2 3 4 5 6 |  6.7
Bows           | 1 2 3 4 5 6 |  6.7
Crossbows      | 1 2 3 4 5 6 |  6.7
Throwing       | 1 2 3 4 5 6 |  6.7
Armour         | 1 2 3 4 5 6 |  6.7
Shields        | 1 2 3 4 5 6 |  6.7
Unarmed Combat | 1 2 3 4 5 6 |  6.7
Evocations     | 1 2 3 4 5 6 |  6.7
Conjurations   | 1 2 3 4 5 |  5.5
Hexes          | 1 2 3 4 5 |  5.5
Charms         | 1 2 3 4 5 |  5.5
Necromancy     | 1 2 3 4 5 |  5.5
Translocations | 1 2 3 4 5 |  5.5
Transmutations | 1 2 3 4 5 |  5.5
Fire Magic     | 1 2 3 4 5 |  5.5
Ice Magic      | 1 2 3 4 5 |  5.5
Air Magic      | 1 2 3 4 5 |  5.5
Earth Magic    | 1 2 3 4 5 |  5.5
Poison Magic   | 1 2 3 4 5 |  5.5
Dodging        | 5 6 7 8 |  8.2
Stealth        | 5 6 7 8 |  8.0
Summonings     | 8 9 |  9.1

Action                   |  1- 3 |  4- 6 |  7- 9 | 10-12 || total
-------------------------+-------+-------+-------+-------++-------
Melee: Dagger            |    59 |    63 |   218 |   104 ||   444
       Unarmed           |     4 |       |       |       ||     4
       Bite              |     5 |     3 |    17 |    12 ||    37
       Short sword       |       |     5 |       |       ||     5
       Punch             |       |       |     5 |     2 ||     7
       Staff             |       |       |     1 |       ||     1
       War axe           |       |       |       |    29 ||    29
 Cast: Summon Small Mamm |    36 |    18 |    70 |    29 ||   153
       Call Canine Famil |       |    16 |    28 |    33 ||    77
       Summon Ice Beast  |       |       |    16 |    66 ||    82
       Summon Lightning  |       |       |     1 |    25 ||    26
       Monstrous Menager |       |       |       |     1 ||     1
Invok: Curse Item        |       |       |     5 |     4 ||     9
  Use: Scroll            |       |     5 |    17 |    18 ||    40
       Potion            |       |       |       |    21 ||    21
 Stab: Sleeping          |     5 |    11 |    14 |    17 ||    47
       Distracted        |       |       |     1 |     3 ||     4
  Eat: Chunk             |     2 |     4 |    12 |    23 ||    41
       Fruit             |       |     2 |     1 |     9 ||    12
       Bread ration      |       |       |     1 |       ||     1
Armor: Robe              |     7 |     7 |    22 |    30 ||    66
       Leather armour    |       |       |     8 |       ||     8
Dodge: Dodged            |    49 |    57 |   153 |   182 ||   441

Table legend:
 A = Spawn XP
 B = Non-spawn XP
 C = Spawn XP percentage of total XP
 D = Spawn monster count
 E = Non-spawn monster count
 F = Spawn count percentage of total count
 G = Total turns spent on level
                    A         B        C        D         E        F      G
               +---------+---------+-------+---------+---------+-------+---------
         Total |      23 |   18270 |   0.1 |       1 |     281 |   0.4 | 14180
               +---------+---------+-------+---------+---------+-------+---------
           D:1 |       0 |      32 |   0.0 |       0 |      15 |   0.0 |  1030
           D:2 |       0 |      78 |   0.0 |       0 |      27 |   0.0 |   981
           D:3 |       0 |     541 |   0.0 |       0 |      39 |   0.0 |  1296
           D:4 |       0 |     350 |   0.0 |       0 |      12 |   0.0 |   473
           D:5 |       0 |     571 |   0.0 |       0 |      24 |   0.0 |  1091
           D:6 |       0 |     654 |   0.0 |       0 |      13 |   0.0 |  1046
           D:7 |       0 |    2040 |   0.0 |       0 |      39 |   0.0 |  1179
           D:8 |       0 |    2297 |   0.0 |       0 |      31 |   0.0 |  1622
        Lair:1 |       0 |    4169 |   0.0 |       0 |      21 |   0.0 |  1372
        Lair:2 |       0 |    1348 |   0.0 |       0 |       8 |   0.0 |   878
        Lair:3 |       0 |    3264 |   0.0 |       0 |      20 |   0.0 |  1680
        Lair:4 |       0 |    2758 |   0.0 |       0 |      27 |   0.0 |  1103
       Abyss:2 |      23 |     168 |  12.0 |       1 |       5 |  16.7 |   374
               +---------+---------+-------+---------+---------+-------+---------
